[Event "Late-Titled-Tuesday-Blitz-January-30-2024"]
[Site "Chess.com"]
[Date "2024.01.30"]
[Round "11"]
[White "katharinareinecke"]
[Black "Navyblue1"]
[Result "0-1"]
[WhiteElo "1967"]
[BlackElo "2138"]
[TimeControl "180+1"]
[EndTime "16:06:41 PST"]
[Termination "Navyblue1 won by checkmate"]

1. d4 Nf6 2. c4 g6 3. Nf3 Bg7 4. g3 O-O 5. Bg2 d6 6. O-O c6 7. Nc3 Qb6 8. b3 Qa6 9. Bb2 b5 10. cxb5 cxb5 11. Qd3 b4 12. Qxa6 Nxa6 13. Na4 Bb7 14.
Rac1 Rac8 15. e3 Nc7 16. Nd2 Bxg2 17. Kxg2 Nb5 18. Nc4 Nd7 19. Rc2 d5 20. Rfc1 dxc4 21. bxc4 Nc7 22. e4 Nb6 23. Nxb6 axb6 24. d5 Bxb2 25.
Rxb2 Na6 26. e5 Rfd8 27. Rbc2 Rc5 28. f4 Kf8 29. Kf3 Ke8 30. Ke4 Rdc8 31. Kd4 b5 32. d6 exd6 33. exd6 bxc4 34. Rxc4 Rxc4+ 35. Rxc4 Rxc4+ 36. Kxc4 Kd7 37. Kb5 Nb8 38. Kxb4 Kxd6 39. a4 Kc6 40. a5 Na6+ 41. Ka4 Kc5 42. h3 f5 43.
g4 h6 44. gxf5 gxf5 45. h4 h5 46. Kb3 Kb5 47. Kc3 Kc5 48. Kd3 Nb8 49. Kc3 Nc6 50. Kd3 Nxa5 51. Kc3 Nc6 52. Kd3 Kd5 53. Ke3 Nd4 54.
Kd3 Ne6 55. Ke3 Kc4 56. Kf3 Kd3 57. Kf2 Ke4 58. Kg3 Nxf4 59. Kf2 Ne6 60. Kg3 f4+ 61.
Kf2 Kf5 62. Kf3 Nd4+ 63. Kf2 Kg4 64.
Kf1 Nf5 65. Kf2 Nxh4 66. Kg1 Nf5 67. Kf2 h4 68. Kf1 f3 69. Kg1 h3 70. Kf2 Kf4 71.
Kf1 Ke3 72. Kg1 f2+ 73. Kf1 Ng3# 0-1

[Event "Late-Titled-Tuesday-Blitz-January-30-2024"]
[Site "Chess.com"]
[Date "2024.01.30"]
[Round "11"]
[White "melissa_guez"]
[Black "noblerone"]
[Result "0-1"]
[WhiteElo "2263"]
[BlackElo "2445"]
[TimeControl "180+1"]
[EndTime "16:06:47 PST"]
[Termination "noblerone won on time"]

1. e4 c5 2. Nf3 e6 3. d4 cxd4 4. Nxd4 Qb6 5. Nb3 Qc7 6. c4 Nf6 7. Nc3 Bb4 8. Bd3 a6 9. O-O O-O 10. f4 d6 11. Qf3 Nc6 12. Be3 Bxc3 13. bxc3 e5 14. f5 Nd7 15. f6 Nxf6 16. Bh6 Ne8 17. Qg3 f6 18. c5 Kh8 19. Be3 dxc5 20. Bxc5 Ne7 21. Rad1 Be6 22. Bb4 Rg8 23. Nc5 Bf7 24. Be2 Rd8 25. Rxd8 Qxd8 26. Rd1 Nd6 27. Nxb7 Qb6+ 28.
Nc5 Nb7 29. Qf2 a5 30. Nxb7 Qxb7 31. Bxa5 Bxa2 32. Bb4 Ng6 33. g3 Be6 34. Bf3 Rc8 35.
h4 Qf7 36. h5 Nf8 37. g4 h6 38. Qe3 Bc4 39. Kg2 Ne6 40. Kg3 Nf4 41. Qb6 Be6 42.
Rd8+ Rxd8 43. Qxd8+ Kh7 44. Qf8 Qa7 45. Qc5 Qa1 46.
Qf2 Qc1 47. Ba5 Bc4 48. Bd8 Qa1 49. Be7 Qa8 50. Bb4 Qc8 51. Qc5 Qa6 52. Qa5 Qe6 53.
Qc5 Be2 54. Qf2 Bxf3 55. Qxf3 Qa6 56. Qf2 Qa1 57. c4 Qc1 58. c5 Qc4 59. Qd2 Ne2+ 60. Kh4 Nf4 0-1

[Event "Late-Titled-Tuesday-Blitz-January-30-2024"]
[Site "Chess.com"]
[Date "2024.01.30"]
[Round "11"]
[White "Zhigalko_Sergei"]
[Black "GMWSO"]
[Result "0-1"]
[WhiteElo "2943"]
[BlackElo "3093"]
[TimeControl "180+1"]
[EndTime "16:06:48 PST"]
[Termination "GMWSO won on time"]

1. e4 c5 2. Nf3 e6 3. c3 Nf6 4. e5 Nd5 5. Bc4 d6 6. d4 cxd4 7. cxd4 Be7 8. O-O O-O 9. Bd2 Nc6 10. Nc3 Nb6 11. Bb3 Bd7 12. Qe2 Na5 13. Bc2 Nac4 14. exd6 Nxd6 15. Ne5 Rc8 16. Rad1 Bc6 17. Rfe1 Bf6 18.
Bf4 Nd5 19. Bg3 Nxc3 20. bxc3 Bd5 21. Ng4 Be7 22. Ne3 Bg5 23. Nxd5 exd5 24. Qf3 Nc4 25. h4 Bh6 26. Re2 g6 27. Rde1 Nd2 28.
Qd3 Ne4 29. Be5 Nxc3 30. Re3 Bxe3 31. Rxe3 Ne4 32. Qe2 Qxh4 33. g3 Qh5 34. Qd3 Rc3 35. Qxc3 Nxc3 36. Rxc3 Qe2 37. Kg2 h5 38. Rc7 b6 39.
Bb3 Qe4+ 40. Kg1 Re8 41. Rd7 Rxe5 42. dxe5 Qe1+ 43. Kg2 Qe4+ 44. Kg1 Qxe5 45. Rxd5 Qe1+ 46. Kg2 Qe4+ 47. Kg1 Qe1+ 48. Kg2 Qe7 49. Rd4 Kg7 50. Rf4 f5 51. Rc4 Kh6 52. Kg1 a5 53. Rc8 Qe1+ 54.
Kg2 Qe4+ 55. Kg1 a4 56. Bf7 Kg7 57. Bg8 Qe1+ 58. Kg2 Qe4+ 59. Kg1 b5 60. Rb8 b4 61. Kh2 Qe2 62. Kg1 Qe1+ 63. Kg2 Qe5 64. Rb7+ Kxg8 0-1

[Event "Late-Titled-Tuesday-Blitz-January-30-2024"]
[Site "Chess.com"]
[Date "2024.01.30"]
[Round "11"]
[White "platy3"]
[Black "SpeedofLight0"]
[Result "1-0"]
[WhiteElo "2901"]
[BlackElo "3027"]
[TimeControl "180+1"]
[EndTime "16:06:49 PST"]
[Termination "platy3 won by checkmate"]

1. e4 Nc6 2. Nf3 e5 3. Bc4 Nf6 4. d3 h6 5. a4 d6 6. Nc3 g6 7.
O-O Bg7 8. h3 O-O 9. a5 a6 10.
Be3 Kh7 11. Re1 Nh5 12. d4 Bd7 13. dxe5 Nxe5 14. Bb3 f5 15. exf5 Rxf5 16. Nd4 Rf6 17. Nd5 Rf8 18. f4 Nc6 19. c3 Nf6 20. Nf3 Be6 21. Nxf6+ Rxf6 22. Bc2 Bf5 23. Bxf5 Rxf5 24. g4 Rxa5 25. Rxa5 Nxa5 26. f5 gxf5 27. Qd3 Qd7 28. Nh4 Qb5 29. Qb1 Nc4 30. Nxf5 Qxb2 31. Qe4 Nxe3 32. Rxe3 Kh8 33. Qe7 Rg8 34. Nxg7 Qb1+ 35.
Re1 Qb6+ 36. Kf1 Qb5+ 37. Kg2 Qc6+ 38. Kh2 Rxg7 39. Qf8+ Kh7 40. Re8 Qd5 41. Kg3 Qd3+ 42. Kh4 Qd5 43. c4 Qg5+ 44. Kg3 a5 45. Qh8+ Kg6 46. Re6+ Qf6 47. Rxf6+ Kxf6 48. Qxh6+ Kf7 49. Qf4+ Kg8 50. Qf5 b6 51. h4 Rf7 52. Qg6+ Kf8 53. h5 a4 54. h6 a3 55. h7 Rxh7 56. Qxh7 a2 57. Qh8+ Kf7 58. Qa1 b5 59. Qxa2 bxc4 60.
Qxc4+ d5 61. Qxd5+ Kg6 62. Qf5+ Kg7 63. g5 c5 64.
Qxc5 Kg6 65. Kg4 Kh7 66. Kh5 Kg7 67. g6 Kf6 68. Qf2+ Ke5 69. g7 Kd5 70. g8=R Ke4 71. Re8+ Kd3 72. Re3+ Kc4 73. Qf4+ Kd5 74. Re5+ Kd6 75.
Qf6+ Kd7 76. Re7+ Kd8 77. Kh4 Kc8 78. Qf8# 1-0

[Event "Late-Titled-Tuesday-Blitz-January-30-2024"]
[Site "Chess.com"]
[Date "2024.01.30"]
[Round "11"]
[White "Fh2411"]
[Black "MikaelyanArman"]
[Result "0-1"]
[WhiteElo "2609"]
[BlackElo "2856"]
[TimeControl "180+1"]
[EndTime "16:06:49 PST"]
[Termination "MikaelyanArman won by resignation"]

1. d4 Nf6 2. Nf3 d6 3. c4 g6 4.
Nc3 Bg7 5. Bg5 h6 6. Bh4 O-O 7. e3 c5 8. Be2 Nc6 9. O-O g5 10. Bg3 Nh5 11. d5 Nxg3 12. hxg3 Ne5 13. Nxe5 Bxe5 14. Qc2 f5 15. f4 Bg7 16. Bh5 e5 17.
Rae1 e4 18. g4 gxf4 19. gxf5 Qh4 20. Bg6 Bxf5 21. Bxf5 Rxf5 22. Qxe4 Raf8 23. Qe6+ Kh8 24. Ne2 fxe3 25. Qxe3 Be5 26. Qh3 Rxf1+ 27. Rxf1 Bd4+ 28.
Nxd4 Qxd4+ 29. Kh2 Rxf1 30. Qxh6+ Kg8 31. Qg6+ Qg7 32. Qxd6 Rf7 33. Qd8+ Kh7 34. Kg1 Qd4+ 35. Kh2 Qe5+ 36. Kh3 Qh5+ 37. Kg3 Qg6+ 38. Kh2 Qh5+ 39. Kg1 Rg7 40. Qf6 Qd1+ 41. Kh2 Qg4 42. Qf2 Qd4 43.
Qc2+ Kh6 44. Qf5 Qh4+ 45. Kg1 Qg5 46. Qh3+ Kg6 47. Qe6+ Kh7 48. Qe4+ Rg6 49. d6 Qc1+ 50. Kh2 Qh6+ 51. Kg1 Qg7 52. Qh4+ Kg8 53. Qd8+ Qf8 54. Qc7 Rxd6 55. Qxb7 Rd1+ 56. Kh2 Qd6+ 57. Kh3 Rh1+ 58.
Kg4 Qg6+ 59. Kf3 Rf1+ 60. Ke2 Rf7 61. Qc8+ Kg7 62. Qb7 Rxb7 0-1

[Event "Late-Titled-Tuesday-Blitz-January-30-2024"]
[Site "Chess.com"]
[Date "2024.01.30"]
[Round "11"]
[White "Hui_Li_Macau"]
[Black "malakismayil"]
[Result "0-1"]
[WhiteElo "2367"]
[BlackElo "2540"]
[TimeControl "180+1"]
[EndTime "16:06:52 PST"]
[Termination "malakismayil won on time"]

1. e4 e5 2. Nf3 Nc6 3. Bb5 a6 4. Ba4 Nf6 5. O-O b5 6. Bb3 Be7 7. Re1 O-O 8. c3 d6 9. h3 h6 10. d4 Re8 11. Nbd2 Bf8 12. Nf1 Bb7 13. Ng3 Na5 14.
Bc2 g6 15. a4 Bg7 16. Bd3 bxa4 17. Qxa4 Nc6 18. Be3 Nd7 19. Qc2 Ne7 20. Qd2 Kh7 21.
Nh2 Ng8 22. f4 exf4 23. Bxf4 c5 24. Nf3 cxd4 25. cxd4 Qb6 26. Bc4 Re7 27. Kh2 Rae8 28. Qa5 Qxa5 29. Rxa5 Nb6 30. Bxa6 Bxe4 31. Bb5 Bxf3 32.
Bxe8 Rxe1 33. Bxf7 Be4 34. Nxe4 Rxe4 35. Bxd6 Rxd4 36.
Bc5 Nc4 37. Bxd4 Nxa5 38. Bb6 Nc6 39. b3 Nge7 40. Bc4 Be5+ 41. Kg1 Nf5 42. Bf2 Bd4 43. Kf1 Bxf2 44. Kxf2 Nd6 45. Be2 Nd4 46. Bc4 Kg7 47. Bd5 Kf6 48. Ke3 Ke5 49. Bg8 N6f5+ 50. Kd3 Nd6 51.
b4 Nc6 52. Kc3 g5 53. g3 h5 54. Ba2 Ne4+ 55. Kc4 Nxg3 56. Kc5 Nd4 57. b5 Ne4+ 58. Kb6 Nd6 0-1

[Event "Late-Titled-Tuesday-Blitz-January-30-2024"]
[Site "Chess.com"]
[Date "2024.01.30"]
[Round "11"]
[White "ozates"]
[Black "Felix-Rose"]
[Result "1-0"]
[WhiteElo "2645"]
[BlackElo "2414"]
[TimeControl "180+1"]
[EndTime "16:06:54 PST"]
[Termination "ozates won on time"]

1. e4 e5 2. Nc3 Nf6 3. d4 exd4 4. Qxd4 Nc6 5. Qd3 Bb4 6. Bd2 O-O 7. O-O-O Re8 8. Re1 d6 9. f4 a5 10. h3 a4 11. a3 Bc5 12. Nf3 Bd7 13. g4 b5 14.
Nxb5 Na5 15. e5 dxe5 16. fxe5 Bf2 17. Rd1 Bxb5 18. Qxb5 c6 19. Qe2 Qb6 20. Bxa5 Rxa5 21. Qc4 Nd5 22. Bd3 Ne3 23. Qe4 Nxd1 24. Qxh7+ Kf8 25.
Rxd1 Rb8 26. Qh8+ Ke7 27. Qxg7 Be3+ 28. Rd2 Qxb2+ 29. Kd1 Qb1+ 30. Ke2 Bxd2 31. Qf6+ Kf8 32. e6 Rb7 33. Qd8+ Kg7 34. Qd4+ Kf8 35. Nxd2 Qb6 36.
Qh8+ Ke7 37. Ne4 Kxe6 38. Qf6+ Kd7 39. Qxf7+ Kc8 40. Nd6+ Kb8 41. Qxb7+ Qxb7 42. Nxb7 Kxb7 43. h4 Kc7 44. h5 Kd6 45. h6 Ke7 46. h7 Ra8 47. g5 Kf7 48. g6+ Kg7 49. Ke3 Rd8 50. Kf4 Rd4+ 51. Ke5 Rd5+ 52. Ke6 Rd8 53. Ke7 Rd4 54.
Ke6 Rd8 55. Be4 Rd2 56. c4 Rd4 57. Bf5 Rxc4 58. h8=Q+ Kxh8 59. Kf7 1-0

[Event "Late-Titled-Tuesday-Blitz-January-30-2024"]
[Site "Chess.com"]
[Date "2024.01.30"]
[Round "11"]
[White "SantoBlue"]
[Black "Azerichess"]
[Result "1-0"]
[WhiteElo "3010"]
[BlackElo "3068"]
[TimeControl "180+1"]
[EndTime "16:06:55 PST"]
[Termination "SantoBlue won on time"]

1. e4 e5 2. Nf3 Nc6 3. Nc3 Nf6 4. d4 exd4 5. Nxd4 Nxe4 6. Nxe4 Qe7 7. f3 d5 8. Nxc6 bxc6 9. Qd4 dxe4 10. Qxe4 Qxe4+ 11. fxe4 Bd6 12. Bd2 Bg4 13. Be2 Bxe2 14. Kxe2 f6 15. Kf3 Kf7 16. Rad1 Ke6 17. Be3 a5 18. Rd3 Rhb8 19. b3 a4 20. Rc3 Ra6 21. Rc4 axb3 22. axb3 Rb4 23. Rxb4 Bxb4 24. Rd1 Bd6 25. Rd4 h5 26. h3 Ra1 27. Rc4 Kd7 28. Ra4 Rb1 29.
Ra8 Rb2 30. Rg8 g5 31. Bd4 Rxc2 32. Bxf6 Ke6 33. Bxg5 Rc3+ 34. Ke2 Rg3 35. Rg6+ Kd7 36. Kf2 Rxb3 37. Bf6 Ba3 38. e5 Ke6 39. Bh8+ Kf7 40. Rxc6 Rb7 41. Bf6 Bb4 42. Bg5 Be7 43. Bxe7 Kxe7 44.
Kf3 Kd7 45. Rh6 Rb3+ 46. Kf4 Rb2 47. g3 Rb4+ 48. Kf5 Rb3 49. Rh7+ Kc6 50. g4 hxg4 51. hxg4 Rf3+ 52. Ke6 Rg3 53. Rg7 Kb6 54. Kd7 c5 55. e6 Rd3+ 56. Kc8 Re3 57. e7 c4 58. Kd8 c3 59. Rh7 c2 60. Rh1 Rd3+ 61. Kc8 Rc3+ 62. Kd7 Rd3+ 63. Ke6 Re3+ 64. Kf7 Rf3+ 65. Kg6 Re3 66.
Rc1 1-0

[Event "Late-Titled-Tuesday-Blitz-January-30-2024"]
[Site "Chess.com"]
[Date "2024.01.30"]
[Round "11"]
[White "nindjaxx8"]
[Black "Zq1"]
[Result "1-0"]
[WhiteElo "2583"]
[BlackElo "2487"]
[TimeControl "180+1"]
[EndTime "16:06:57 PST"]
[Termination "nindjaxx8 won on time"]

1. d4 Nf6 2. c4 a6 3. Nc3 c5 4. e3 e6 5. Nf3 d5 6. Be2 Nc6 7. O-O dxc4 8. Bxc4 b5 9. Be2 Bb7 10. a3 cxd4 11. exd4 Be7 12. Be3 O-O 13. Rc1 Rc8 14. Bd3 Na5 15. Qe2 Nc4 16. Rfd1 Nxe3 17. fxe3 g6 18. Bb1 Qb6 19. Ne5 Rfd8 20. h3 Bd6 21. Nd3 Ne4 22. Nxe4 Bxe4 23. Nf2 Bxb1 24.
Rxb1 Qc6 25. Rf1 Qc2 26. Qf3 Qf5 27. Qd1 Qc2 28. Qf3 Qf5 29. Ne4 Qxf3 30. Rxf3 Be7 31.
b4 Rc2 32. Rf2 Rc4 33. Nd2 Rc3 34. Rb3 Rc1+ 35. Kh2 f5 36. g3 Rdc8 37. Nf3 R8c2 38. Kg2 Bf6 39. Rd3 Kf7 40. Rfd2 Ke7 41. h4 h6 42. d5 e5 43. d6+ Kd7 44. Rd5 e4 45. Ng1 Rxd2+ 46. Rxd2 Rc3 47. Ne2 Rd3 48. Rc2 g5 49.
hxg5 hxg5 50. Kf2 Kxd6 51. Rc8 Rxa3 52. Rf8 Ke6 53. Rc8 Be5 54. Rc6+ Kd5 55. Rg6 g4 56. Rg5 Ke6 57. Rg6+ Bf6 58. Rg8 Be5 59. Rg6+ Kf7 60. Rc6 Ra4 61. Rc5 Ke6 62. Rc6+ Kd5 63. Rb6 Rxb4 64.
Rxa6 Ra4 65. Rb6 b4 66. Rb5+ Kd6 67. Ke1 Bc3+ 68. Kd1 Ra1+ 69. Kc2 Ra2+ 70. Kd1 Rd2+ 71. Ke1 1-0

[Event "Late-Titled-Tuesday-Blitz-January-30-2024"]
[Site "Chess.com"]
[Date "2024.01.30"]
[Round "11"]
[White "WPWPWP-2015"]
[Black "Chessdreamer2020"]
[Result "0-1"]
[WhiteElo "2472"]
[BlackElo "2569"]
[TimeControl "180+1"]
[EndTime "16:07:01 PST"]
[Termination "Chessdreamer2020 won by resignation"]

1. d4 d6 2. g3 e5 3. Nf3 e4 4. Nfd2 d5 5. Nb3 Nf6 6. Bg2 c6 7. a4 h5 8. h4 Bd6 9. Bg5 Bf5 10. a5 Qc7 11. Kd2 Ng4 12. Qf1 f6 13. Be3 Nd7 14. Nc3 Nxe3 15. Kxe3 O-O-O 16. Kd2 Be6 17. e3 g5 18. Na4 c5 19. Naxc5 Nxc5 20. dxc5 Bxc5 21. Nxc5 Qxc5 22. c3 Kb8 23. Ra4 Bd7 24. Rb4 Qxa5 25. Qe2 gxh4 26. Rxh4 Bg4 27. Qf1 f5 28. Qb5 Qxb5 29.
Rxb5 Rh6 30. Rh1 Ra6 31. Bf1 Ra1 32. Bg2 Rxh1 33. Bxh1 Kc7 34. Bg2 Kc6 35. Ra5 a6 36. Ra1 Rh8 37. Rh1 Kc5 38. b3 a5 39. Kc2 b5 40. Ra1 Kb6 41. Rh1 Be2 42. Re1 Bd3+ 43. Kb2 a4 44. Bh3 Rf8 45. Bg2 axb3 46. Kxb3 Bc4+ 47.
Kb2 Ra8 48. Ra1 Rxa1 49. Kxa1 Be2 50. Kb2 Kc5 51. Kc2 Kc4 52. Kd2 Bg4 53. Bf1+ Kc5 54.
Bg2 b4 55. cxb4+ Kxb4 56. Bf1 Bf3 57. Bh3 Bg4 58. Bf1 Kb3 59. Ba6 Kb4 60. Bb7 Kc5 61. Ba6 d4 62. exd4+ Kxd4 63. Bf1 f4 64. Ke1 fxg3 65.
fxg3 Ke3 66. Bg2 Bf3 67. Bh3 Bh1 68. Kf1 Kf3 69. Bf5 Kxg3 70. Bg6 Bf3 71. Kg1 h4 72.
Bf5 h3 73. Bxh3 Kxh3 0-1

[Event "Late-Titled-Tuesday-Blitz-January-30-2024"]
[Site "Chess.com"]
[Date "2024.01.30"]
[Round "11"]
[White "Walter_White_Poland"]
[Black "RaulPerezGuerra"]
[Result "1-0"]
[WhiteElo "2340"]
[BlackElo "2429"]
[TimeControl "180+1"]
[EndTime "16:07:01 PST"]
[Termination "Walter_White_Poland won by checkmate"]

1. e4 d5 2. exd5 Qxd5 3. Nc3 Qa5 4. d4 Nf6 5. Nf3 Bg4 6. h3 Bh5 7. g4 Bg6 8. Ne5 Nbd7 9. Nc4 Qa6 10. h4 Qe6+ 11. Ne3 Be4 12. f3 Bd5 13. g5 c6 14.
gxf6 Nxf6 15. Bh3 Qd6 16. Ncxd5 cxd5 17. Qe2 e6 18. Bd2 Nh5 19. Qh2 Qb6 20. O-O-O Qxd4 21. Qc7 Qb6 22. Nxd5 Qc5 23. Qxc5 Bxc5 24. Nc7+ Ke7 25.
Nxa8 Rxa8 26. Rhe1 h6 27. a3 Nf6 28. Bb4 Bxb4 29.
axb4 a5 30. b5 a4 31. Rd3 Ra5 32. Re5 Nd7 33. Rxd7+ Kxd7 34. Kd2 a3 35. bxa3 Rxa3 36. Re3 Ra1 37. Rd3+ Kc7 38. f4 Rh1 39. Bg2 Rxh4 40. Rc3+ Kb6 41. Ke3 Rg4 42. Bf3 Rg1 43. Rd3 Kc7 44.
Rc3+ Kb6 45. Rd3 Kc7 46. b6+ Kxb6 47. Rd7 Rc1 48. Rxb7+ Ka6 49. Rxf7 Rxc2 50. Rxg7 Kb6 51. Rg6 Kc7 52. Rxe6 Rh2 53. Rg6 Kd7 54. Bd5 Ke7 55. Ke4 Re2+ 56. Kf5 Rd2 57. Be4 Rh2 58.
Rg7+ Kf8 59. Rb7 h5 60. Kf6 Ke8 61. Bg6+ Kd8 62. Rh7 h4 63. f5 h3 64. Kg7 Rh1 65. f6 Rf1 66. f7 Ke7 67. Rxh3 Rf2 68. Re3+ Kd6 69. f8=Q+ Rxf8 70. Kxf8 Kd5 71. Re4 Kc5 72. Kf7 Kd5 73. Kg7 Kd6 74. Kh6 Kd5 75. Kg5 Kd6 76.
Kg4 Kd5 77. Kf4 Kd6 78. Bf5 Kd5 79. Re1 Kd6 80. Rd1+ Kc5 81. Ke5 Kc4 82. Be4 Kc3 83. Bd5 Kb2 84. Rd3 Kc2 85. Ke4 Kc1 86. Kd4 Kb1 87.
Rd2 Ka1 88. Rh2 Kb1 89. Kd3 Ka1 90. Kc3 Kb1 91. Rh1# 1-0

[Event "Late-Titled-Tuesday-Blitz-January-30-2024"]
[Site "Chess.com"]
[Date "2024.01.30"]
[Round "11"]
[White "ameetghasi100"]
[Black "mightysmasher"]
[Result "1-0"]
[WhiteElo "2742"]
[BlackElo "2574"]
[TimeControl "180+1"]
[EndTime "16:07:03 PST"]
[Termination "ameetghasi100 won by checkmate"]

1. Nf3 d5 2. c4 e6 3. e3 Nf6 4. b3 Be7 5. Bb2 O-O 6. Nc3 c5 7. cxd5 exd5 8. d4 b6 9. Bd3 Bb7 10. O-O Nc6 11. Ne2 Rc8 12. Rc1 Nb4 13. Bf5 Rb8 14. a3 Nc6 15. Nf4 Bc8 16. Bb1 Be6 17.
Ng5 Bg4 18. Qd3 g6 19. h3 Bf5 20. Qb5 Bxb1 21. Rxb1 Rc8 22. dxc5 bxc5 23. Rfd1 d4 24. Nf3 Qa5 25. Qxa5 Nxa5 26. exd4 Nxb3 27. d5 Ne4 28. Be5 c4 29. d6 Bf6 30. Nd5 Bxe5 31. Nxe5 Kg7 32. d7 Rcd8 33. Ne7 Nc3 34. N7c6 Nxd1 35. Rxd1 Nc5 36. Nxd8 Rxd8 37. Rd5 Ne6 38. Nc6 c3 39. Nxd8 Nxd8 40. Rc5 Kf6 41. Rxc3 Ke7 42. Rc7 Kd6 43. Rxa7 Kc6 44. Ra4 Kxd7 45. Rd4+ Ke7 46. Rd1 Nc6 47. a4 Na5 48. f3 f5 49. Kf2 Ke6 50.
h4 h6 51. Kg3 g5 52. h5 Ke5 53.
Rb1 Nc4 54. Rb5+ Kf6 55. a5 f4+ 56. Kf2 Nd6 57. Rb6 Ke7 58. a6 Nc8 59. Rxh6 Kd7 60. a7 Nxa7 61. Rh7+ Ke6 62. Rxa7 Kf6 63. h6 g4 64.
fxg4 Kg5 65. h7 Kxg4 66. h8=Q f3 67. Qh3+ Kg5 68. Qxf3 Kg6 69. Ra6+ Kg7 70. Qf6+ Kh7 71. Qg6+ Kh8 72. Ra8# 1-0

[Event "Late-Titled-Tuesday-Blitz-January-30-2024"]
[Site "Chess.com"]
[Date "2024.01.30"]
[Round "11"]
[White "ContrVersia"]
[Black "K_A_S_T_O_R"]
[Result "1/2-1/2"]
[WhiteElo "2848"]
[BlackElo "2911"]
[TimeControl "180+1"]
[EndTime "16:07:08 PST"]
[Termination "Game drawn by stalemate"]

1. Nf3 c5 2. e4 d6 3. d4 cxd4 4.
Nxd4 Nf6 5. Nc3 a6 6. h3 e6 7. g4 h6 8. Bg2 Be7 9. Be3 Nc6 10.
Qe2 Nxd4 11. Bxd4 e5 12. Be3 b5 13. f4 b4 14. Na4 Bd7 15. Nb6 Bb5 16. Qd2 Rb8 17.
fxe5 dxe5 18. Qxd8+ Bxd8 19. Nd5 Nxd5 20. exd5 Be7 21. O-O-O Bd6 22. Be4 Ke7 23. Rh2 f6 24. h4 Bd7 25. Rg2 a5 26. Rf1 Rbf8 27.
Kd2 g5 28. h5 Rc8 29. Bf5 Bxf5 30. Rxf5 Bc5 31. Rgf2 Rhf8 32. b3 Bxe3+ 33. Kxe3 Rc3+ 34.
Ke4 Rg3 35. Rxe5+ fxe5 36. d6+ Kxd6 37. Rxf8 Rxg4+ 38. Ke3 Rh4 39. Rf6+ Kd5 40. Rxh6 Rh3+ 41. Kd2 Ke4 42. Rh8 Rh2+ 43. Kc1 g4 44. h6 g3 45. h7 g2 46. Rg8 Kf3 47. Rf8+ Ke2 48. Rg8 Rxh7 49.
Rxg2+ Ke3 50. Rg3+ Kf4 51. Rg8 e4 52. c4 bxc3 53.
Kc2 Rc7 54. Rh8 Rc5 55. a3 Ke3 56. b4 axb4 57. axb4 Rc4 58. b5 Kd4 59. Rd8+ Kc5 60. Rb8 e3 61. Re8 Kxb5 62. Rxe3 Kb4 63. Re8 Rc7 64.
Rb8+ Kc4 65. Rh8 Rd7 66. Rh4+ Rd4 67. Rxd4+ Kxd4 68. Kc1 Kd3 69. Kd1 Kc4 70. Kc2 Kb4 71. Kc1 Kb5 72. Kc2 Kc4 73. Kc1 Kc5 74. Kc2 Kd4 75. Kc1 Kd3 76. Kd1 c2+ 77. Kc1 Kc3 1/2-1/2

[Event "Late-Titled-Tuesday-Blitz-January-30-2024"]
[Site "Chess.com"]
[Date "2024.01.30"]
[Round "11"]
[White "bazar-wokzal"]
[Black "vesalhamedinia"]
[Result "1-0"]
[WhiteElo "2592"]
[BlackElo "2488"]
[TimeControl "180+1"]
[EndTime "16:07:11 PST"]
[Termination "bazar-wokzal won by checkmate"]

1. e4 c5 2. c3 d5 3. exd5 Qxd5 4. d4 Nf6 5. Nf3 e6 6. a3 Nc6 7. Be3 cxd4 8. cxd4 Be7 9. Nc3 Qd6 10. Qc2 O-O 11. Bd3 a6 12. Rc1 Bd7 13. O-O Rfd8 14. Qd2 Be8 15. Rcd1 Rac8 16. Bb1 Na5 17. Ba2 Nc4 18. Qe2 b5 19. Rfe1 Nxa3 20. Ne5 b4 21. Nb1 Nc2 22. Rf1 Nxe3 23. fxe3 Bb5 24. Bc4 Bxc4 25.
Nxc4 Qc6 26. Nbd2 Qb5 27. b3 h6 28. Ra1 Qb7 29. Ra4 Nd5 30. Qf3 Bg5 31. Rfa1 Ra8 32.
Ne4 Be7 33. Ra5 Qc7 34. Rxa6 Rxa6 35. Rxa6 Nc3 36. Ne5 Nxe4 37. Rc6 Ng5 38. Rxc7 Nxf3+ 39. Nxf3 Bd6 40. Rc6 Kf8 41. Kf2 Ke7 42. Ke2 Ra8 43.
e4 Ra2+ 44. Kd3 Rxg2 45. e5 Bb8 46. Rb6 Bc7 47. Rxb4 Rf2 48. Ke3 Rb2 49. Nd2 Kd7 50. Rb7 Kc6 51. Ra7 Kb6 52. Ra8 Kc6 53. Rf8 Ba5 54. Nc4 Rxb3+ 55. Ke4 Bc7 56. Rxf7 Rc3 57. Ne3 Rc1 58. Rxg7 Rh1 59. Rg6 Rxh2 60. Rxe6+ Kd7 61. Rg6 Bb6 62. Nf5 Bc7 63. e6+ Ke8 64. Rg8# 1-0

[Event "Late-Titled-Tuesday-Blitz-January-30-2024"]
[Site "Chess.com"]
[Date "2024.01.30"]
[Round "11"]
[White "Alexei_Gubajdullin"]
[Black "Szparu"]
[Result "1/2-1/2"]
[WhiteElo "2636"]
[BlackElo "2779"]
[TimeControl "180+1"]
[EndTime "16:07:12 PST"]
[Termination "Game drawn - insufficient material"]

1. Nf3 d5 2. g3 c6 3. Bg2 Bg4 4. O-O Nd7 5. c4 e6 6. d3 Bd6 7. Qb3 Ne7 8. h3 Bh5 9. Bg5 Nc5 10. Qc2 h6 11. Be3 Nd7 12. Nc3 O-O 13. cxd5 exd5 14.
Rab1 a5 15. a3 Nf5 16. Bd2 Bxf3 17. exf3 Re8 18. Rbe1 Qf6 19. f4 Nc5 20. Rxe8+ Rxe8 21. Re1 Rxe1+ 22. Bxe1 Nd4 23. Qd1 Qg6 24. Bf1 Bxf4 25. b4 axb4 26. axb4 Nce6 27. b5 h5 28. bxc6 bxc6 29. h4 Be5 30. Bh3 Qf6 31. Kg2 g6 32. Na4 Kg7 33. Nb6 Nc5 34. Bb4 Ndb3 35. Nd7 Nxd7 36.
Qxb3 Bd4 37. Qc2 Ne5 38. Qe2 Bxf2 39. Bc3 d4 40. Bd2 Be3 41. Bxe3 dxe3 42. Qxe3 Qd6 43. d4 Nc4 44. Qe4 Nd2 45. Qe5+ Qxe5 46. dxe5 Nc4 47. e6 f5 48. Kf2 Kf6 49. Bg2 Ne5 50. Ke3 Kxe6 51. Kf4 Kf6 52. Ke3 c5 53. Bd5 Ke7 54. Kf4 Kd6 55. Ba2 c4 56. Kg5 c3 57. Bb1 Kd5 58.
Kf6 Kd4 59. Bc2 Nc4 60. Kxg6 Ne3 61. Bb1 Ke5 62. Kxh5 c2 63. Bxc2 Nxc2 64. Kg5 Nd4 65. h5 Ne6+ 66. Kg6 Nf8+ 67. Kg7 Ne6+ 68. Kg6 Nf8+ 69.
Kg7 Nd7 70. h6 Nf6 71. h7 Nxh7 72. Kxh7 Ke4 73. Kg6 Kf3 74. Kxf5 Kxg3 1/2-1/2

[Event "Late-Titled-Tuesday-Blitz-January-30-2024"]
[Site "Chess.com"]
[Date "2024.01.30"]
[Round "11"]
[White "Quattroporte300"]
[Black "INLOVEWITHF"]
[Result "0-1"]
[WhiteElo "2419"]
[BlackElo "2600"]
[TimeControl "180+1"]
[EndTime "16:07:12 PST"]
[Termination "INLOVEWITHF won by resignation"]

1. e4 c5 2. c3 Qa5 3. Nf3 e6 4.
Bc4 b5 5. Bb3 Bb7 6. Bc2 Nf6 7.
Qe2 d5 8. exd5 Nxd5 9. O-O Bd6 10. d4 c4 11. Re1 Nd7 12. Bg5 Qc7 13. Nbd2 h6 14. Be3 f5 15. Nf1 O-O 16. a4 a6 17.
axb5 axb5 18. Rxa8 Bxa8 19. Bc1 Re8 20. Bxf5 Nf8 21.
Be4 b4 22. Qc2 Qf7 23. Ng3 Rb8 24. Ne5 Qc7 25. Bg6 bxc3 26. bxc3 Ne7 27. Bf7+ Kh8 28. Bh5 Kg8 29. Nf7 Bxg3 30. hxg3 g6 31. Nxh6+ Kg7 32.
Bf3 Nf5 33. Ng4 Bxf3 34. gxf3 Qc6 35. Kg2 Nh7 36. Bf4 Rb3 37. Be5+ Kg8 38. Ra1 Ng5 39. Qe2 Rb2 40. Qd1 Rd2 41. Qxd2 Nxf3 42. Qf4 Nxe5+ 43. f3 Nxg4 44. Qb8+ Kf7 45. Ra7+ Ne7 46. Qc7 Ne3+ 47. Kf2 Qxc7 48. Rxc7 Nd1+ 49. Ke2 Nxc3+ 50. Kd2 Nd5 51. Rxc4 Nf5 52. g4 Nh4 53. Ra4 Nxf3+ 54. Ke2 Ng5 55.
Kd3 Kf6 56. Ra8 Nf7 57. Rf8 Ke7 58. Ra8 Nh6 59. Ra7+ Kf6 60. g5+ Kxg5 61. Rg7 Kf6 62. Rh7 Nf5 63. Ke4 g5 64. Rh8 g4 65. Rf8+ Ke7 66.
Rh8 Nf6+ 67. Kf4 g3 68. Rh1 Nd5+ 69. Kf3 Kf6 70. Rg1 Kg5 71. Rg2 Nde7 72. Rg1 Ng6 73.
Kg2 Ngh4+ 74. Kh3 Kf4 75. Rf1+ Ke4 76. Rg1 Kxd4 77. Rxg3 Nxg3 78. Kxg3 e5 0-1

[Event "Late-Titled-Tuesday-Blitz-January-30-2024"]
[Site "Chess.com"]
[Date "2024.01.30"]
[Round "11"]
[White "el008"]
[Black "Witik"]
[Result "1/2-1/2"]
[WhiteElo "2534"]
[BlackElo "2675"]
[TimeControl "180+1"]
[EndTime "16:07:20 PST"]
[Termination "Game drawn by repetition"]

1. Nf3 Nf6 2. b3 g6 3. Bb2 Bg7 4.
g3 O-O 5. c4 c6 6. Bg2 d5 7.
O-O Re8 8. d3 Nbd7 9. cxd5 cxd5 10. Nbd2 e5 11. Rc1 d4 12. Nc4 Re6 13. Ng5 Ra6 14.
a4 h6 15. Nf3 Re6 16. Bh3 Re7 17. Nd6 Nb6 18. Nxc8 Nxc8 19. Qd2 Nb6 20. Ba3 Re8 21. Qa5 Nfd5 22. Rfe1 Nc3 23. e3 Nbd5 24. Qxd8 Raxd8 25. Kf1 Na2 26. Rc4 Ndc3 27. exd4 exd4 28. Rxe8+ Rxe8 29. Nxd4 Nb1 30. Rc2 Nxa3 31. Rxa2 Bxd4 32. Rxa3 a5 33. Ra2 b6 34. Rc2 Bc5 35. Bd7 Rd8 36.
Bb5 Kf8 37. Kg2 Rd6 38. Re2 Re6 39. Rc2 Re1 40. h4 h5 41. Rd2 Bd4 42. Kf3 Ke7 43. Rc2 Bc5 44. Bc4 Kf6 45. Kg2 Kg7 46. Rd2 Bd4 47.
Bd5 Rc1 48. Re2 Kf8 49. Re4 Bc5 50. Rf4 f5 51. d4 Bd6 52. Rf3 Rd1 53. Rc3 Rxd4 54.
Bf3 Bc5 55. Re3 Rd2 56. Re2 Rd3 57. Re6 Kf7 58. Rc6 Rd2 59. Kh1 Rxf2 60. Bd5+ Kg7 61. Rc7+ Kf6 62. Rc6+ Ke5 63. Bg2 Rb2 64. Rxg6 Rxb3 65.
Rh6 Rxg3 66. Rxh5 Rg4 67. Bc6 Be3 68. Rh7 Bf2 69. Kh2 Rxh4+ 70. Rxh4 Bxh4 71. Kg2 Kf4 72. Bb5 Be7 73. Kf1 Ke3 74. Ba6 f4 75. Bb5 Bd6 76.
Ba6 Kd2 77. Bb5 Kc2 78. Ba6 Kc3 79. Bb5 Kb4 80. Be8 Kc5 81. Bb5 Kd5 82. Be8 Ke5 83. Bb5 Kd4 84. Ba6 Ke3 85. Bb5 Bc7 86. Be8 Kd2 87. Bb5 Kc3 88. Ba6 Kb4 89. Bb5 Kc5 90.
Be8 Bd6 91. Bb5 Kd4 92. Be8 Kc3 93. Bb5 Kd4 1/2-1/2